 Dungeon Crawl Stone Soup version 0.31-a0-1237-gabc64e778c (webtiles) character file.

Game seed: 14236814670126385958

5009 jestert79 the Martial Artist (level 10, -1/76 HPs)
             Began as a Merfolk Shapeshifter on Dec 15, 2023.
             Was an Elder of Ignis.
             Slain by a wyvern (13 damage)
             ... on level 8 of the Dungeon.
             The game lasted 00:29:12 (8543 turns).

jestert79 the Martial Artist (Merfolk Shapeshifter) Turns: 8543, Time: 00:29:13

Health: -1/76      AC: 18    Str: 15    XL:     10   Next: 54%
Magic:  10/10      EV: 20    Int: 17    God:    Ignis [****..]
Gold:   130        SH:  0    Dex: 16    Spells: 2/9 levels left

rFire   + .          .
                       - Unarmed
rCold   . . .        (shield currently unavailable)
rNeg    . . .        A - melded +0 robe "Lopeosei" {rN+++ Int+4 Stlth-}
rPois   .            p - +1 helmet
rElec   .            H - +0 cloak
rCorr   .            v - +2 pair of gloves
SInv    .            f - +0 pair of boots
Will    .....        (no amulet)
Stlth   +            i - +4 ring of protection
HPRegen 0.32/turn    E - +6 ring of intelligence
MPRegen 0.12/turn

%: no passive effects
@: flux-form, fiery-armoured, glowing
A: glow, contaminating, (nimble swimmer 2), mertail
a: Begin Untransformation, Renounce Religion, Fiery Armour, Foxfire Swarm,
Rising Flame


You were on level 8 of the Dungeon.
You worshipped Ignis.
Ignis was greatly pleased with you.
You were something dangerously unstable.
You visited 2 branches of the dungeon, and saw 9 of its levels.

You collected 509 gold pieces.
You spent 379 gold pieces at shops.

Inventory:

Missiles
 o - 10 poisoned darts
Armour
 f - a +0 pair of boots (worn)
 p - a +1 helmet (worn)
 v - a +2 pair of gloves (worn)
 A - the +0 robe "Lopeosei" (melded) {rN+++ Int+4 Stlth-}
   (You found it on level 3 of the Dungeon)

   Int+4:     It affects your intelligence (+4).
   rN+++:     It renders you almost immune to negative energy.
   Stlth-:    It makes you less stealthy.
 H - a +0 cloak (worn)
Jewellery
 i - a +4 ring of protection (left hand)
 w - a ring of protection from fire
 C - a ring of wizardry
 E - a +6 ring of intelligence (right hand)
Talismans
 c - a beast talisman
 d - a flux talisman (active)
Wands
 a - a wand of light (6)
 x - a wand of charming (20)
 G - a wand of roots (14)
 I - a wand of polymorph (9)
Scrolls
 e - 2 scrolls of enchant armour
 g - a scroll of enchant weapon
 j - 6 scrolls of teleportation
 m - 2 scrolls of poison
 t - a scroll of fog
 y - a scroll of revelation
 D - 2 scrolls of identify
Potions
 b - a potion of lignification
 h - a potion of might {unknown}
 k - 5 potions of enlightenment {unknown}
 l - a potion of mutation
 n - 3 potions of curing
 q - a potion of cancellation
 r - 4 potions of brilliance
 s - 2 potions of haste {unknown}
 u - a potion of magic {unknown}
 z - a potion of attraction {unknown}
 B - a potion of ambrosia
 F - a potion of heal wounds {unknown}


   Skills:
 + Level 6.1 Fighting
 + Level 7.7 Dodging
 - Level 3.0 Stealth
 * Level 10.5 Unarmed Combat
 + Level 1.6 Conjurations
 + Level 4.8 Transmutations
 + Level 10.2 Shapeshifting


You had 2 spell levels left.
You knew the following spells:

 Your Spells              Type           Power      Damage    Failure   Level
a - Wereblood             Tmut           16%        N/A       4%          2
b - Irradiate             Conj/Tmut      5%         3d13      87%         5

Your spell library contained the following spells:

 Spells                   Type           Power      Damage    Failure   Level
 Sting                    Tmut/Pois      32%        1d4       9%          1
 Momentum Strike          Conj/Tloc      4%         3d8       26%         2
 Blink                    Tloc           0%         N/A       34%         2
 Lesser Beckoning         Tloc           0%         N/A       34%         2
 Poisonous Vapours        Pois/Air       0%         N/A       34%         2
 Dazzling Flash           Conj/Hex       4%         N/A       45%         3
 Inner Flame              Hex/Fire       0%         N/A       56%         3
 Volatile Blastmotes      Fire/Tloc      0%         2d10      56%         3
 Flame Wave               Conj/Fire      2%         2d4       86%         4
 Sticky Flame             Conj/Fire      2%         2d3       86%         4
 Olgreb's Toxic Radiance  Pois           0%         N/A       93%         4
 Starburst                Conj/Fire      1%         6d3       100%        6
 Maxwell's Capacitive Co  Air            0%         ∞         100%        8


Dungeon Overview and Level Annotations

Branches:
Dungeon (8/15)             Temple (1/1) D:5            Lair (0/5) D:8

Altars:
Ashenzari
Cheibriados
Dithmenos
Elyvilon
Fedhas
Gozag
Hepliaklqana
Kikubaaqudgha
Makhleb
Nemelex Xobeh
Qazlal
Ru
Sif Muna
Uskayaw
Vehumet
Wu Jian
Xom
Zin
The Shining One
Ignis

Shops:
D:3 ((::*   D:7 *


Innate Abilities, Weirdness & Mutations

You are something dangerously unstable.
You glow with magical radiation, making you easy to see and hit.
Foes you strike become dangerously contaminated with magical radiation.
You are incapable of wielding weapons or throwing items.
((You are very nimble when in or above water. (Stealth+, EV+, Speed+++)))
Your lower body shifts to a powerful aquatic tail in water.


Message History

* * * LOW HITPOINT WARNING * * *
You are encased in ice.
The wolf closely misses you.
You barely miss the rime drake.
The rime drake is lightly wounded.
The rime drake closely misses you. The wolf bites you.
* * * LOW HITPOINT WARNING * * *
The wolf is burned by your cloak of flames.
The wolf is moderately wounded.
The wyvern barely misses you.
Unknown command.
Unknown command.
You hit the rime drake.
The rime drake begins to glow.
The rime drake is lightly wounded.
The wolf completely misses you. The rime drake barely misses you.
The wyvern bites you but does no damage.
The wolf misses you.
Unknown command.
Unknown command.
Unknown command.
You punch the rime drake!
The rime drake glows dangerously bright.
The rime drake is heavily wounded.
The wyvern misses you. The rime drake barely misses you.
The wolf bites you but does no damage.
The wolf is burned by your cloak of flames.
The wolf is moderately wounded.
Unknown command.
You hit the rime drake.
The rime drake shudders as magic cascades through it!!
You feel a bit better.
You kill the rime drake!
Your primal bloodlust has ended.
The ice encasing you melts away. The wyvern bites you.
* * * LOW HITPOINT WARNING * * *
The wyvern is burned by your cloak of flames.
The wyvern is lightly wounded.
The wolf barely misses you. The wyvern bites you!
You die...

..#...........
.....~.......#
..#....#...... #.....h#
.#.....#......# #..#####
.##..[.##.....# ##..# .
#..<....#...#######...#
#...........##....#...##
#.......#...##....†.)..##
####..)...# #..#.h........#
.........####...pk......###
........####.....†....#.#
........#.##....^...#####
.##...........#.#.###
..............#####
.##............#
#...........##
####.....##...#
#....##....#


You could see a wyvern and a wolf.

Vanquished Creatures
  Erica (D:8)
  Maggie (D:6)
  A rime drake (D:8)
  A hornet (D:8)
  Sigmund (D:2)
  A wyvern (D:7)
  A steam dragon (D:7)
  Menkaure (D:4)
  4 water moccasins
  An orc warrior (D:5)
  4 ice beasts
  An ogre (D:5)
  A centaur (D:5)
  2 wolves (D:8)
  A kobold brigand (D:6)
  3 bullfrogs
  3 scorpions
  5 wights
  2 electric eels (D:7)
  4 howler monkeys
  3 jellies
  2 gnoll boudas (D:5)
  5 hounds
  Crazy Yiuf (D:7)
  4 orc priests
  Jessica (D:2)
  5 iguanas
  Natasha (thrice) (D:2)
  5 orc wizards
  Robin (D:2)
  19 gnolls
  7 adders
  2 shadow imps
  3 white imps
  3 worms
  3 dart slugs
  37 orcs
  7 ball pythons
  7 bats
  10 endoplasms
  3 giant cockroaches
  12 goblins
  13 hobgoblins
  18 jackals
  15 kobolds
  2 quokkas
  3 frilled lizards
  4 rats
237 creatures vanquished.

Notes
Turn   | Place    | Note
-------+----------+-------------------------------------------
     0 | D:1      | jestert79 the Merfolk Shapeshifter began the quest for the
                  | Orb.
     0 | D:1      | Reached XP level 1. HP: 15/15 MP: 1/1
   191 | D:1      | Reached skill level 1 in Stealth
   191 | D:1      | Reached XP level 2. HP: 16/21 MP: 2/2
   543 | D:1      | Reached XP level 3. HP: 26/26 MP: 3/3
  1064 | D:2      | Found a faded altar of an unknown god.
  1115 | D:2      | Prayed at the altar of an unknown god.
  1115 | D:2      | Became a worshipper of Ignis, the Dying Flame
  1281 | D:2      | Noticed Robin
  1372 | D:2      | Reached XP level 4. HP: 27/32 MP: 4/4
  1401 | D:2      | Killed Robin
  1424 | D:2      | Noticed Jessica
  1429 | D:2      | Killed Jessica
  1430 | D:2      | Reached skill level 5 in Shapeshifting
  1660 | D:2      | Noticed Natasha
  1672 | D:2      | Killed Natasha
  1673 | D:2      | Reached XP level 5. HP: 31/37 MP: 5/5
  1819 | D:2      | Noticed Sigmund
  1830 | D:2      | Killed Sigmund
  1831 | D:2      | Reached skill level 5 in Unarmed Combat
  1831 | D:2      | Reached XP level 6. HP: 30/43 MP: 6/6
  1966 | D:2      | Noticed Natasha
  1971 | D:2      | Killed Natasha
  2090 | D:3      | Found Celagh's Antique Weapon Shop.
  2120 | D:3      | Found Uvvo's Book Emporium.
  2520 | D:3      | Found Fubresk's Assorted Antiques.
  2534 | D:3      | Found Cuint's Book Shop.
  2685 | D:3      | Found Taczyzos's Antique Weapon Shoppe.
  2738 | D:3      | Identified the +0 robe "Lopeosei" {rN+++ Int+4 Stlth-}
  2934 | D:2      | Noticed Natasha
  2946 | D:2      | Killed Natasha
  3330 | D:4      | Reached XP level 7. HP: 22/48 MP: 7/7
  4069 | D:4      | Noticed Menkaure
  4076 | D:4      | Killed Menkaure
  4310 | D:5      | Entered Level 5 of the Dungeon
  4449 | D:5      | Found a staircase to the Ecumenical Temple.
  4476 | Temple   | Entered the Ecumenical Temple
  4575 | D:5      | Reached XP level 8. HP: 54/54 MP: 8/8
  5527 | D:5      | Found a sacrificial altar of Ru.
  5618 | D:5      | Reached skill level 5 in Dodging
  5696 | D:5      | Reached XP level 9. HP: 63/65 MP: 9/9
  5929 | D:5      | Learned a level 2 spell: Wereblood
  6211 | D:6      | Reached skill level 1 in Transmutations
  6455 | D:6      | Noticed Maggie
  6469 | D:6      | Killed Maggie
  6692 | D:6      | Learned a level 5 spell: Irradiate
  6801 | D:7      | Reached skill level 5 in Fighting
  6901 | D:3      | Bought a pair of glowing gloves for 172 gold pieces
  6904 | D:3      | Bought a scroll of identify for 46 gold pieces
  6904 | D:3      | Bought a scroll of identify for 46 gold pieces
  6904 | D:3      | Bought a blackened garnet ring for 115 gold pieces
  7115 | D:7      | Found a shimmering altar of Xom.
  7292 | D:7      | Reached XP level 10. HP: 10/74 MP: 10/10
  7504 | D:7      | Found Usiabucee's Assorted Antiques.
  7724 | D:7      | Found a runed translucent door.
  7725 | D:7      | Noticed Crazy Yiuf
  7995 | D:7      | Killed Crazy Yiuf
  8146 | D:7      | Reached skill level 10 in Unarmed Combat
  8161 | D:8      | Reached skill level 10 in Shapeshifting
  8311 | D:8      | Reached skill level 1 in Conjurations
  8350 | D:8      | Found a staircase to the Lair.
  8505 | D:8      | Noticed Erica
  8532 | D:8      | Killed Erica
  8543 | D:8      | Slain by a wyvern

Illustrated notes

Levels and vault maps discovered:
D:1:      shiori_arrival_oz, layout_basic, hangedman_decor_lopped,
          minmay_misc_feat_plants
D:2:      layout_loops_ring, basic_ecumenical_altar, nicolae_figureground_pulse,
          uniq_robin, uniq_natasha, uniq_sigmund, uniq_jessica
D:3:      layout_loops_corners, serial_shops, nicolae_shop_statue_plus,
          nicolae_shop_advertising_works [nicolae_subvault_shop_adworks], shop,
          shop, nicolae_shop_waterfront
D:4:      layout_loops_ring, uniq_menkaure
D:5:      lemuel_castle_with_subvaults [lemuel_castle_interior_carwin_2],
          layout_loops_corners, general_overflow_altar,
          minmay_temple_entry_poolview
D:6:      layout_cave_pools, uniq_maggie
D:7:      layout_loops_ring, kennysheep_mini_moat, serial_shops,
          nicolae_shop_real_fake_doors, minmay_misc_feat_diagonals,
          serial_bayou_lagoon_b, uniq_crazy_yiuf_cottage
D:8:      layout_cave_pools, hellmonk_lair_entry_icy,
          ebering_ghost_disaster_area, grunt_decor_fettered,
          minmay_parallelograms, uniq_erica
Temple:   bh_familiar_temple

Skill      XL: |  1  2  3  4  5  6  7  8  9 10 |
---------------+-------------------------------+-----
Stealth        | 1 2 3 |  3.0
Unarmed Combat | 4 5 6 7 8 9 10 | 10.5
Shapeshifting  | 5 6 8 9 10 | 10.2
Dodging        | 3 5 6 7 |  7.7
Fighting       | 3 5 6 |  6.1
Transmutations | 3 4 |  4.8
Conjurations   | 1 |  1.6

Action                     |  1- 3 |  4- 6 |  7- 9 | 10-12 || total
---------------------------+-------+-------+-------+-------++-------
  Melee: Unarmed           |    90 |   114 |   519 |    96 ||   819
         Punch             |     1 |     6 |       |       ||     7
         Tailslap          |       |       |    23 |       ||    23
   Cast: Wereblood         |       |       |       |     1 ||     1
 Invoke: Fiery Armour      |     1 |     1 |       |     1 ||     3
    Use: Scroll            |       |     8 |     8 |       ||    16
   Stab: Sleeping          |     6 |     2 |       |       ||     8
 Armour: Animal skin       |    42 |    38 |       |       ||    80
         Robe              |       |    13 |     6 |       ||    19
         Skin              |       |       |   153 |    49 ||   202
  Dodge: Dodged            |    49 |    61 |   345 |    93 ||   548
   Form: Flux              |       |       |     1 |       ||     1

Table legend: (Time is in decaauts)
 A = Elapsed time spent in this place.
 B = Non-inter-level travel time spent in this place.
 C = Inter-level travel time spent in this place.
 D = Time resting spent in this place.
 E = Time spent auto-exploring this place.
 F = Levels seen in this place.
 G = Mean time per level.
                   A        B        C        D        E       F      G
               +--------+--------+--------+--------+--------+-----+--------+
         Total |   8352 |   7747 |    605 |    849 |   4514 |   9 |  928.0 |
       Dungeon |   8351 |   7746 |    605 |    849 |   4514 |   8 | 1043.9 |
        Temple |      1 |      1 |      0 |      0 |      0 |   1 |    1.0 |
               +--------+--------+--------+--------+--------+-----+--------+

Top non-repeatable levels by time:
     D:5: 1662 daAuts
     D:7: 1210 daAuts
     D:3: 1180 daAuts
     D:4: 1121 daAuts
     D:2: 1052 daAuts
     D:1: 1039 daAuts
     D:6: 661 daAuts
     D:8: 423 daAuts
  Temple: 1 daAuts
